 Dungeon Crawl Stone Soup version 0.31.0-32-g396128a36d (webtiles) character file.

Game seed: 14824212259185819586

402 James the Shooter (level 7, -8/52 HPs)
             Began as a Formicid Hunter on Mar 14, 2024.
             Was an Initiate of Fedhas.
             Mangled by an iguana (9 damage)
             ... on level 4 of the Dungeon.
             The game lasted 00:10:19 (3654 turns).

James the Shooter (Formicid Hunter)                 Turns: 3654, Time: 00:10:19

Health: -8/52      AC:  3    Str: 15    XL:     7   Next: 11%
Magic:  0/7        EV: 12    Int:  9    God:    Fedhas [......]
Gold:   163        SH:  0    Dex: 19    Spells: 6/6 levels left

rFire   . . .        a - +1 shortbow
rCold   . . .        (no shield)
rNeg    . . .        c - +0 leather armour
rPois   .            (helmet unavailable)
rElec   .            (no cloak)
rCorr   .            (no gloves)
SInv    +            (no boots)
Will    .....        j - amulet of guardian spirit
Stlth   ++           (no ring)
HPRegen 0.28/turn    (no ring)
MPRegen 0.10/turn

%: guardian spirit
@: no status effects
A: permanent stasis, dig shafts and tunnels, antennae 3, four strong arms
a: Dig, Shaft Self, Renounce Religion


You were on level 4 of the Dungeon.
You worshipped Fedhas.
Fedhas was noncommittal.
You visited 1 branch of the dungeon, and saw 4 of its levels.

You collected 163 gold pieces.

Inventory:

Hand Weapons
 a - a +1 shortbow (weapon)
 q - a +0 mace
   (You took it off a wight on level 4 of the Dungeon)
 r - a +0 short sword
   (You took it off a kobold on level 2 of the Dungeon)
 s - a +0 falchion
   (You found it on level 2 of the Dungeon)
 t - a +0 whip
   (You found it on level 2 of the Dungeon)
 B - a +0 dagger
   (You took it off an orc wizard on level 3 of the Dungeon)
 D - a +0 short sword of speed
   (You took it off an orc on level 3 of the Dungeon)
 E - a +0 dire flail
   (You took it off a wight on level 4 of the Dungeon)
 F - a +0 spear
   (You found it on level 4 of the Dungeon)
Missiles
 y - a throwing net {!f}
Armour
 c - a +0 leather armour (worn)
 e - a +0 leather armour
   (You found it on level 1 of the Dungeon)
 g - a +0 robe
   (You took it off a wight on level 4 of the Dungeon)
 n - a +0 ring mail
   (You found it on level 2 of the Dungeon)
 o - a +0 leather armour
   (You took it off a kobold on level 2 of the Dungeon)
 p - a +0 robe
   (You found it on level 2 of the Dungeon)
 u - a +0 robe
   (You took it off a wight on level 4 of the Dungeon)
 v - a +0 leather armour
   (You found it on level 2 of the Dungeon)
 w - a +0 leather armour
   (You found it on level 2 of the Dungeon)
 x - a +0 robe
   (You found it on level 3 of the Dungeon)
 A - a +0 robe
   (You took it off an orc wizard on level 3 of the Dungeon)
 C - a +0 leather armour
   (You found it on level 3 of the Dungeon)
Jewellery
 j - an amulet of guardian spirit (around neck)
   (You found it on level 1 of the Dungeon)
Scrolls
 b - a scroll of butterflies
 d - a scroll of amnesia {unknown}
 h - a scroll of enchant weapon
 G - 3 scrolls of teleportation {unknown}
Potions
 i - 2 potions of mutation {!q}
 k - a potion of might {unknown}
 l - 2 potions of curing {unknown}
 m - a potion of lignification {!q}
 z - a potion of invisibility {unknown}


   Skills:
 - Level 3.0 Fighting
 * Level 7.1 Ranged Weapons
 + Level 2.5 Armour
 - Level 2.0 Dodging
 - Level 2.0 Stealth


You had 6 spell levels left.
You didn't know any spells.
Your spell library contained the following spells:

 Spells                   Type           Power      Damage    Failure   Level
 Magic Dart               Conj           0%         1d3       45%         1
 Cigotuvi's Dreadful Rot  Necr/Alch/Air  0%         N/A       58%         2
 Ensorcelled Hibernation  Hex/Ice        0%         N/A       58%         2
 Mercury Vapours          Alch/Air       0%         N/A       58%         2
 Searing Ray              Conj           0%         2d4       58%         2
 Call Canine Familiar     Summ           0%         N/A       83%         3
 Gell's Gravitas          Tloc           0%         N/A       83%         3
 Mephitic Cloud           Conj/Alch/Air  0%         N/A       83%         3
 Teleport Other           Tloc           0%         N/A       83%         3
 Fulminant Prism          Conj/Alch      0%         3d5       99%         4
 Ignite Poison            Fire/Alch      0%         N/A       99%         4
 Freezing Cloud           Conj/Ice/Air   0%         6-21      100%        5
 Dispersal                Tloc           0%         N/A       100%        6
 Ozocubu's Refrigeration  Ice            0%         4d7       100%        7


Dungeon Overview and Level Annotations

Branches:
Dungeon (4/15)             Temple (0/1) D:4

Altars:
Dithmenos
Fedhas
Hepliaklqana
Makhleb
Uskayaw
Vehumet
Wu Jian

Shops:
D:2 ?


Innate Abilities, Weirdness & Mutations

You cannot be hasted, slowed, berserked, paralysed or teleported.
You can dig through walls and to a lower floor.
You have a pair of large antennae on your head. (SInv)
Your four strong arms can wield two-handed weapons with a shield.


Message History

You shoot an arrow. The arrow barely misses the iguana.
The iguana bites you but does no damage.
Fire: a) +1 shortbow
Press: ? - help, Q - select action, (/) - cycle Shift-Dir - straight line, f/p - iguana
Aim: an iguana (lightly wounded, 69% to hit)
You shoot an arrow. The arrow hits the iguana.
The iguana closely misses you.
Fire: a) +1 shortbow
Press: ? - help, Q - select action, (/) - cycle Shift-Dir - straight line, f/p - iguana
Aim: an iguana (moderately wounded, 69% to hit)
You shoot an arrow.
The arrow hits the iguana but does no damage.
The iguana bites you.
* * * LOW HITPOINT WARNING * * *
Unknown command.
Fire: a) +1 shortbow
Press: ? - help, Q - select action, (/) - cycle Shift-Dir - straight line, f/p - iguana
Aim: an iguana (moderately wounded, 69% to hit)
You shoot an arrow. The arrow hits the iguana.
The iguana bites you!
* * * LOW HITPOINT WARNING * * *
You are too injured to fight recklessly!
You are too injured to fight recklessly!
Fire: a) +1 shortbow
Press: ? - help, Q - select action, (/) - cycle Shift-Dir - straight line, f/p - iguana
Aim: an iguana (heavily wounded, 69% to hit)
You shoot an arrow. The arrow hits the iguana.
The iguana bites you.
* * * LOW HITPOINT WARNING * * *
Fire: a) +1 shortbow
Press: ? - help, Q - select action, (/) - cycle Shift-Dir - straight line, f/p - iguana
Aim: an iguana (severely wounded, 69% to hit)
You shoot an arrow. The arrow barely misses the iguana.
The iguana bites you.
* * * LOW HITPOINT WARNING * * *
The iguana barely misses you.
Fire: a) +1 shortbow
Press: ? - help, Q - select action, (/) - cycle Shift-Dir - straight line, f/p - iguana
Aim: an iguana (severely wounded, 69% to hit)
You shoot an arrow.
The arrow hits the iguana but does no damage.
The iguana bites you!
* * * LOW HITPOINT WARNING * * *
Fire: a) +1 shortbow
Press: ? - help, Q - select action, (/) - cycle Shift-Dir - straight line, f/p - iguana
Aim: an iguana (severely wounded, 69% to hit)
You shoot an arrow. The arrow barely misses the iguana.
The iguana bites you!
You die...
Fedhas appreciates your contribution to the ecosystem.

.♣## ...# ♣.>. # ... ##
,..♣ .### ###,..# .
...## ##.##.##....
##..### ####..@†.......
##...#####......l.......
###..#.....##..........
##.....####..........
####### ##.......##
#########


You could see an iguana.

Vanquished Creatures
  A phantom (D:4)
  A scorpion (D:4)
  2 wights (D:4)
  An iguana (D:4)
  An orc wizard (D:3)
  3 adders
  A white imp (D:3)
  3 dart slugs
  3 ribbon worms
  4 orcs
  6 bats
  8 endoplasms
  4 giant cockroaches
  2 goblins
  8 hobgoblins
  7 jackals
  6 kobolds
  2 quokkas (D:2)
  A ball python (D:2)
  3 frilled lizards
  2 rats
69 creatures vanquished.

Notes
Turn   | Place    | Note
-------+----------+-------------------------------------------
     0 | D:1      | James the Formicid Hunter began the quest for the Orb.
     0 | D:1      | Reached XP level 1. HP: 16/16 MP: 1/1
    69 | D:1      | Found a faded altar of an unknown god.
    74 | D:1      | Reached XP level 2. HP: 22/22 MP: 2/2
   346 | D:1      | Reached XP level 3. HP: 22/27 MP: 1/3
   808 | D:1      | Reached skill level 5 in Ranged Weapons
  1225 | D:2      | Reached XP level 4. HP: 33/33 MP: 4/4
  1497 | D:2      | Found The Oracle's Delphic Readings.
  1797 | D:3      | Found a hazy altar of Hepliaklqana.
  1801 | D:3      | Found a shadowy altar of Dithmenos.
  1869 | D:3      | Found a hide-covered altar of Uskayaw.
  1954 | D:3      | Reached skill level 6 in Ranged Weapons
  1954 | D:3      | Reached XP level 5. HP: 38/38 MP: 5/5
  2896 | D:4      | Found a radiant altar of Vehumet.
  2904 | D:4      | Found an ornate altar of the Wu Jian Council.
  2952 | D:4      | Got Utteh's Guide on Frigorific Calling
  2980 | D:4      | Reached skill level 1 in Armour
  2980 | D:4      | Reached XP level 6. HP: 46/46 MP: 6/6
  3206 | D:4      | Found a burning altar of Makhleb.
  3206 | D:4      | Noticed a green death
  3211 | D:4      | Noticed a neqoxec
  3211 | D:4      | Noticed a hellwing
  3317 | D:4      | Found a blossoming altar of Fedhas.
  3388 | D:4      | Became a worshipper of Fedhas Madash
  3442 | D:4      | Found a staircase to the Ecumenical Temple.
  3638 | D:4      | Reached skill level 7 in Ranged Weapons
  3638 | D:4      | Reached XP level 7. HP: 20/52 MP: 2/7
  3653 | D:4      | HP: 1/52 [iguana (9)]
  3654 | D:4      | Mangled by an iguana

Illustrated notes

Levels and vault maps discovered:
D:1:      orjb1_clovarrival, layout_loops_corners,
          hellmonk_ecumenical_altar_run_dry, st_stairs_1, minmay_tripent
D:2:      layout_loops_cross, nicolae_nh_oracle_at_delphi
D:3:      layout_basic, nicolae_dithmenos_through_a_glass_darkly,
          nicolae_hepliaklqana_hazy_memory,
          nicolae_uskayaw_murder_on_the_dancefloor
D:4:      layout_cave_pods, fedhas_altar_fruit_tree,
          mainiacjoe_overflow_big_doors, makhleb_altar_promises_db,
          minmay_temple_entry_antechambers, grunt_ministairs_7

Skill      XL: |  1  2  3  4  5  6 |
---------------+-------------------+-----
Ranged Weapons | 5 6 7 |  7.1
Armour         | 1 2 |  2.5
Dodging        | 2 |  2.0
Stealth        | 2 |  2.0
Fighting       | 3 |  3.0

Action                     |  1- 3 |  4- 6 |  7- 9 || total
---------------------------+-------+-------+-------++-------
   Fire: Shortbow          |   100 |   143 |    16 ||   259
Ability: Dig               |       |     3 |       ||     3
    Use: Scroll            |       |     7 |       ||     7
         Potion            |       |     1 |     1 ||     2
 Armour: Leather armour    |    34 |    24 |    12 ||    70
  Dodge: Dodged            |    37 |    38 |     7 ||    82
